 Dungeon Crawl Stone Soup version 0.32-a0-872-g59262bdc9b (webtiles) character file.

Game seed: 3974631276418383677

15607 KennySheep the Arsonist (level 12, -3/101 (103) HPs)
             Began as a Naga Alchemist on Mar 31, 2024.
             Was a Priest of Sif Muna.
             Slain by an orc knight
             ... wielding a +0 halberd
              (12 damage)
             ... on level 2 of the Orcish Mines.
             The game lasted 00:47:56 (14092 turns).

KennySheep the Arsonist (Naga Alchemist)           Turns: 14092, Time: 00:47:56

HP:   -3/101 (103)  AC: 11    Str: 10    XL:     12   Next: 28%
MP:   17/24         EV: 13    Int: 22    God:    Sif Muna [***...]
Gold: 806           SH:  0    Dex: 11    Spells: 18/27 levels left

rFire   . . .        m - +5 short sword (venom)
rCold   . . .        d - orb {*channel}
rNeg    . . .        H - +0 acid dragon scales
rPois   +            (no helmet)
rElec   .            D - +2 cloak {Stlth+}
rCorr   +            o - +0 pair of gloves
SInv    +            (no barding)
Will    ++...        (no amulet)
Stlth   ++++         p - ring of willpower
HPRegen 0.36/turn    B - +5 ring of evasion
MPRegen 0.19/turn

%: channel magic (20%)
@: very slightly contaminated, lightly drained, very slow
A: AC +4, large, see invisible, deformed body, poison resistance, slowness 2,
spit poison 1, naga tail 1
a: Spit Poison, Renounce Religion, Channel Magic, Forget Spell


You were on level 2 of the Orcish Mines.
You worshipped Sif Muna.
Sif Muna was most pleased with you.
You visited 3 branches of the dungeon, and saw 13 of its levels.
You also visited: Sewer and Ice Cave.

You collected 1162 gold pieces.
You spent 356 gold pieces at shops.

Inventory:

Hand Weapons
 l - a +0 dagger
 m - a +5 short sword of venom (weapon)
Armour
 a - a +0 robe
 d - an orb of energy (worn)
 o - a +0 pair of gloves (worn)
 D - a +2 cloak of stealth (worn)
 H - +0 acid dragon scales (worn)
 J - +0 swamp dragon scales
Magical Staves
 t - a staff of cold
 v - a staff of earth
Jewellery
 p - a ring of willpower (left hand)
 u - an amulet of guardian spirit
 B - a +5 ring of evasion (right hand)
 C - a +6 ring of strength
 G - a ring of ice
Wands
 w - a wand of paralysis (8)
 y - a wand of flame (12)
 E - a wand of acid (4)
 L - a wand of roots (11)
 M - a wand of polymorph (2)
Scrolls
 c - a scroll of fear
 e - 2 scrolls of fog
 g - 3 scrolls of blinking
 h - 5 scrolls of teleportation
 n - a scroll of silence
 x - 3 scrolls of vulnerability
 z - 4 scrolls of poison
 I - a scroll of enchant weapon
 K - a scroll of summoning
 O - 2 scrolls of identify
 P - a scroll of enchant armour
Potions
 b - 4 potions of magic
 i - a potion of brilliance
 j - 5 potions of degeneration
 k - a potion of cancellation
 q - 2 potions of might
 r - a potion of haste
 A - a potion of lignification
 F - a potion of ambrosia
 N - a potion of attraction
 Q - a potion of enlightenment


   Skills:
 + Level 5.0 Fighting
 - Level 1.5 Dodging
 + Level 8.5 Stealth
 + Level 8.2 Spellcasting
 - Level 1.0 Conjurations
 * Level 12.1 Fire Magic
 * Level 12.0 Alchemy
 + Level 5.2 Invocations


You had 18 spell levels left.
You knew the following spells:

 Your Spells              Type           Power      Damage    Failure   Level
a - Sting                 Conj/Alch      100%       1d9       4%          1
b - Sticky Flame          Fire/Alch      58%        2d10      4%          4
c - Olgreb's Toxic Radia  Alch           58%        N/A       4%          4

Your spell library contained the following spells:

 Spells                   Type           Power      Damage    Failure   Level
 Mercury Vapours          Alch/Air       70%        N/A       7%          2
 Inner Flame              Hex/Fire       35%        N/A       11%         3
 Mephitic Cloud           Conj/Alch/Air  28%        N/A       17%         3
 Leda's Liquefaction      Alch/Erth      17%        N/A       24%         4
 Ensorcelled Hibernation  Hex/Ice        18%        N/A       38%         2
 Irradiate                Conj/Alch      18%        3d17      43%         5
 Yara's Violent Unravell  Hex/Alch       17%        3d8       50%         5
 Fugue of the Fallen      Necr           9%         N/A       56%         3
 Tukima's Dance           Hex            9%         N/A       56%         3
 Anguish                  Hex/Necr       4%         N/A       89%         4
 Passage of Golubria      Tloc           9%         N/A       89%         4
 Lee's Rapid Deconstruct  Erth           4%         3d5*      99%         5
 Permafrost Eruption      Ice/Erth       4%         2x4d2     100%        6
 Ignition                 Fire           29%        3d9       100%        8


Dungeon Overview and Level Annotations

Branches:
Dungeon (10/15)            Temple (1/1) D:6            Lair (0/5) D:10
    Orc (2/2) D:9             Elf (0/3) Orc:2         Sewer (visited)
  IceCv (visited)

Altars:
Ashenzari
Cheibriados
Dithmenos
Elyvilon
Fedhas
Gozag
Hepliaklqana
Kikubaaqudgha
Makhleb
Nemelex Xobeh
Okawaru
Qazlal
Ru
Sif Muna
Trog
Uskayaw
Vehumet
Wu Jian
Xom
Yredelemnul
Zin
The Shining One

Shops:
D:5 *   D:7 *!*

Annotations:
D:3 1 runed translucent door, Crazy Yiuf
D:9 exclusion: oklob sapling


Innate Abilities, Weirdness & Mutations

Your serpentine skin is tough. (AC +4)
You have supernaturally acute eyesight. (SInv)
Armour fits poorly on your strangely shaped body.
Your system is resistant to poisons. (rPois)
You cover ground very slowly.
You can spit poison.
You have a snake-like lower body.


Message History

Your Alchemy skill increases to level 12!
The orc knight burns! x2
The orc knight shakes off the sticky flame as it moves.
The orc knight barely misses you.
The orc high priest hits you from afar with a +0 glaive!!
The orc knight hits you from afar with a +0 halberd!
Items here: )) [[.
Casting: Sticky Flame (dangerous; 4% risk of failure)
Confirm with . or Enter, or press ? or * to list all spells.
Okay, then.
Casting: Olgreb's Toxic Radiance (dangerous; 4% risk of failure)
Press: ? - help, Q - select action, (/) - cycle Dir - look around, f - activate You begin to radiate toxic energy.
The orc knight looks even sicker.
The orc high priest looks even sicker.
Magical energy flows into your mind!
The orc knight hits you with a +0 battleaxe!
The orc high priest barely misses you. The orc knight barely misses you.
Aiming: Fastroot
Press: ? - help, Shift-Dir - straight line, f - orc high priest
Aim: an orc high priest, wielding a +0 glaive (severely wounded, strong, very poisoned)
The roots erupt in riotous growth!
Roots grab the orc high priest.
Roots grab the orc knight. x2
The orc knight looks as sick as possible!
The orc high priest looks even sicker.
The grasping roots constrict the orc high priest!
The grasping roots constrict the orc knight. x2
The orc knight hits you with a +0 battleaxe.
The orc high priest hits you from afar with a +0 glaive!
The orc knight hits you from afar with a +0 halberd!!
* * * LOW HITPOINT WARNING * * *
The orc knight looks even sicker.
Your toxic aura wanes.
The grasping roots constrict the orc high priest!
The grasping roots constrict the orc knight. x2
The orc knight struggles to escape constriction.
The orc high priest struggles to escape constriction.
The orc knight escapes!
The orc knight attacks as it pursues you!
The orc knight hits you from afar with a +0 halberd!
You die...

...........##.÷.÷,,,,,,,,∩#..≈###
#....#.....#....,,,,,,,,,##..≈#..
#.#.##....##.).*,,,,,,,∩*#...≈#..
..........#..)#*,,,,,,####...≈#..
#.#.##....#...##*,,*###.......#..
#####.....#...o###**#............
###.#.....##..oo.#####........[.≈
.#.........##..).................
#...........##..@................
.............###.).).............
...............##.)[)............
................[................
.................)...............
[[....)........[[................
....[............................
..................^..............
.................................


You could see 2 orc knights and an orc high priest (strong, very poisoned,
rooted).

Vanquished Creatures
  Fannar (Orc:1)
  5 two-headed ogres
  An orc high priest (Orc:2)
  Pikel (D:5)
  3 orc knights
  2 orc sorcerers (Orc:2)
  Maurice (D:7)
  A kobold blastminer (Orc:2)
  Joseph (D:8)
  Maggie (D:8)
  An unseen horror (D:10)
  2 rime drakes (Orc:2)
  Psyche (D:8)
  2 trolls
  A blink frog (D:10)
  A shadow (D:10)
  A wyvern (D:9)
  A wraith (D:9)
  4 wargs
  Edmund (D:5)
  2 acid dragons
  A water moccasin (D:5)
  Duvessa (D:5)
  2 ice beasts
  8 orc warriors
  2 black bears (D:5)
  2 centaurs
  3 ogres
  A lemure (D:5)
  6 phantoms
  5 kobold brigands
  4 bullfrogs
  3 scorpions
  4 wights (D:9)
  Dowan (D:5)
  3 killer bees (D:8)
  A crimson imp (D:3)
  2 jellies
  3 bombardier beetles
  3 hounds
  10 orc priests
  Jessica (D:3)
  3 iguanas
  10 orc wizards
  2 hell rats (D:10)
  4 gnolls (D:7)
  16 adders
  6 river rats
  4 ufetubi (D:6)
  2 dart slugs
  2 ribbon worms
  48 orcs
  5 bats
  4 endoplasms
  19 giant cockroaches
  12 goblins
  3 hobgoblins
  6 jackals
  29 kobolds
  2 quokkas
  25 ball pythons
  5 frilled lizards
  A goblin skeleton (D:3)
  A goblin zombie (D:3)
  2 hobgoblin zombies (D:3)
  A kobold skeleton (D:3)
  2 kobold zombies (D:3)
  2 orc skeletons (D:3)
  An orc zombie (D:3)
  26 rats
343 creatures vanquished.

Vanquished Creatures (others)
  An orc priest (Orc:2)
  An orc (Orc:2)
2 creatures vanquished.

Grand Total: 345 creatures vanquished

Notes
Turn   | Place    | Note
-------+----------+-------------------------------------------
     0 | D:1      | KennySheep the Naga Alchemist began the quest for the Orb.
     0 | D:1      | Reached XP level 1. HP: 15/15 MP: 3/3
   167 | D:1      | Reached XP level 2. HP: 22/22 MP: 0/5
   319 | D:1      | Reached skill level 1 in Fire Magic
   845 | D:2      | Reached XP level 3. HP: 18/28 MP: 1/6
  1159 | D:2      | Identified the +4 ring mail "Oproeshre" {+Blink Will+}
  1492 | D:2      | Reached XP level 4. HP: 34/36 MP: 4/7
  1529 | D:2      | Found a faded altar of an unknown god.
  1809 | D:2      | Learned a level 4 spell: Sticky Flame
  1900 | D:3      | Found a shimmering altar of Xom.
  1949 | D:3      | Found a glowing golden altar of the Shining One.
  2088 | D:3      | Noticed a phantom
  2170 | D:3      | Reached skill level 5 in Alchemy
  2170 | D:3      | Reached XP level 5. HP: 12/42 MP: 7/9
  2284 | D:3      | Learned a level 4 spell: Olgreb's Toxic Radiance
  2393 | D:3      | Noticed Jessica
  2408 | D:3      | Killed Jessica
  2494 | D:3      | Killed a phantom
  2495 | D:3      | Reached XP level 6. HP: 13/49 MP: 10/10
  2966 | D:3      | Found a runed translucent door.
  2967 | D:3      | Noticed Crazy Yiuf
  3388 | D:4      | Found a sacrificial altar of Ru.
  3822 | D:5      | Entered Level 5 of the Dungeon
  3905 | D:5      | Reached XP level 7. HP: 25/55 MP: 8/12
  4003 | D:5      | Reached skill level 5 in Fire Magic
  4064 | D:5      | Noticed Duvessa
  4076 | D:5      | Noticed Dowan
  4083 | D:5      | Killed Duvessa
  4083 | D:5      | HP: 4/82 [Dowan/shard of ice (15)]
  4085 | D:5      | Killed Dowan
  4294 | D:5      | Found a glowing drain.
  4300 | Sewer    | Entered a sewer
  4554 | Sewer    | Reached XP level 8. HP: 45/62 MP: 10/14
  5164 | D:5      | Found a sparkling altar of Nemelex Xobeh.
  5282 | D:5      | Noticed Pikel
  5290 | D:5      | Killed Pikel
  5291 | D:5      | Reached skill level 5 in Spellcasting
  5291 | D:5      | Reached XP level 9. HP: 51/68 MP: 8/17
  5485 | D:5      | Found Ric Acs's CLEARANCE SALE!.
  5491 | D:5      | Bought a scroll of blinking for 45 gold pieces
  5620 | D:5      | Noticed Edmund
  5632 | D:5      | Killed Edmund
  5998 | D:6      | Found a burning altar of Makhleb.
  5998 | D:6      | Noticed a cacodemon
  6076 | D:6      | Found a staircase to the Ecumenical Temple.
  6102 | Temple   | Entered the Ecumenical Temple
  6124 | Temple   | Became a worshipper of Sif Muna the Loreminder
  6690 | D:6      | Reached * piety under Sif Muna
  7104 | D:7      | Noticed Maurice
  7112 | D:7      | Maurice stole a +6 ring of strength
  7114 | D:7      | Killed Maurice
  7115 | D:7      | Reached XP level 10. HP: 65/75 MP: 5/20
  7229 | D:7      | Found Apahino's Assorted Antiques.
  7243 | D:7      | Bought a bronze wand for 104 gold pieces
  7243 | D:7      | Bought a lumpy grey potion for 23 gold pieces
  7455 | D:7      | Reached skill level 10 in Fire Magic
  7553 | D:7      | Found a bloodstained altar of Trog.
  7565 | D:7      | Found a radiant altar of Vehumet.
  7601 | D:7      | Found Kesot's Assorted Antiques.
  7609 | D:7      | Bought a shiny brass wand for 104 gold pieces
  7650 | D:7      | Found Gyuzef's Distillery.
  7663 | D:7      | Bought a potion of invisibility for 80 gold pieces
  8163 | D:7      | Identified the +0 ring mail of Ukliufiurr {rElec rPois MP-9
                  | Dex+2}
  8275 | D:8      | Noticed Psyche
  8283 | D:8      | Killed Psyche
  8284 | D:8      | Reached skill level 1 in Fighting
  8284 | D:8      | Reached skill level 1 in Invocations
  8328 | D:8      | Noticed Maggie
  8342 | D:8      | Killed Maggie
  8342 | D:8      | Reached ** piety under Sif Muna
  8702 | D:8      | Noticed Joseph
  8716 | D:8      | Killed Joseph
  9864 | D:9      | Reached skill level 5 in Stealth
  9864 | D:9      | Reached skill level 10 in Alchemy
 10049 | D:9      | Found a staircase to the Orcish Mines.
 10424 | D:9      | Noticed a two-headed ogre
 10433 | D:9      | Killed a two-headed ogre
 10434 | D:9      | Reached XP level 11. HP: 80/90 MP: 13/22
 11009 | D:10     | Entered Level 10 of the Dungeon
 11016 | D:10     | Found a shadowy altar of Dithmenos.
 11109 | D:10     | Noticed a two-headed ogre
 11114 | D:10     | Killed a two-headed ogre
 11344 | D:10     | Found a staircase to the Lair.
 11368 | D:10     | Noticed a two-headed ogre
 11378 | D:10     | Killed a two-headed ogre
 11599 | D:10     | Found a broken altar of Ashenzari.
 12157 | Orc:1    | Entered Level 1 of the Orcish Mines
 12198 | Orc:1    | Noticed an orc knight
 12214 | Orc:1    | Killed an orc knight
 12322 | Orc:1    | Noticed Fannar
 12335 | Orc:1    | Killed Fannar
 12583 | Orc:2    | Entered Level 2 of the Orcish Mines
 12636 | Orc:2    | Noticed a two-headed ogre
 12648 | Orc:2    | Killed a two-headed ogre
 12687 | Orc:2    | Noticed an orc knight
 12702 | Orc:2    | Killed an orc knight
 12964 | Orc:2    | Found a frozen archway.
 12984 | Orc:2    | Reached *** piety under Sif Muna
 13086 | IceCv    | Entered an ice cave
 13086 | IceCv    | Noticed a white ugly thing
 13243 | Orc:2    | Noticed an orc sorcerer
 13254 | Orc:2    | Found a staircase to the Elven Halls.
 13352 | Orc:2    | Reached XP level 12. HP: 54/100 MP: 16/24
 13566 | Orc:2    | Noticed an orc high priest
 13577 | Orc:2    | Noticed a two-headed ogre
 13588 | Orc:2    | Killed a two-headed ogre
 13610 | Orc:2    | Noticed an orc high priest
 13631 | Orc:2    | Killed an orc high priest
 13632 | Orc:2    | Reached skill level 5 in Invocations
 13808 | Orc:2    | Reached skill level 5 in Fighting
 14092 | Orc:2    | Slain by an orc knight

Illustrated notes

Levels and vault maps discovered:
D:1:      wander_arrival_estate, layout_basic
D:2:      kennysheep_the_goblin_king, layout_loops_ring,
          ebering_ecumenical_altar_sacrificial
D:3:      minmay_roachtagon, layout_rooms, nicolae_tso_besieged_by_evil,
          xom_redecorated, uniq_jessica, uniq_crazy_yiuf_cottage
D:4:      layout_gridville, nicolae_overflow_crystal_walls
D:5:      dreamdust_elfheim, layout_cave_pools, lemuel_tele_altar,
          portal_sewer_entry_e, st_stairs_11, nicolae_shop_clearance,
          uniq_edmund, uniq_pikel
D:6:      layout_loops_cross, makhleb_altar_promises_db,
          minmay_temple_entry_fiery, nicolae_half_adder
D:7:      layout_loops_corners, amethyst_overflow_temple_binary, serial_shops,
          shop, nicolae_shop_window_shopping, shop, serial_glass,
          glass_columns_c, glass_columns_a, glass_columns_c, glass_columns_b,
          glass_columns_a, glass_columns_c, glass_columns_a, glass_columns_c,
          glass_columns_a, glass_columns_b, glass_columns_a, glass_columns_a,
          glass_columns_a, glass_columns_a, uniq_maurice
D:8:      layout_basic, roderic_three_in_a_row,
          serial_library_hellmonk_semicircle, uniq_psyche, uniq_maggie,
          uniq_joseph
D:9:      layout_loops_ring, david_orc_1_choice, introduction_to_nature_1
D:10:     layout_basic, evilmike_ruin_ashenzari,
          nicolae_dithmenos_shadow_blocks, dpeg_lair_monsters
Temple:   dshaligram_water_room_temple
Orc:1:    layout_caves, uniq_fannar
Orc:2:    grunt_orc_tribal_feast, layout_caves, portal_ice_cave_rime

Skill      XL: |  1  2  3  4  5  6  7  8  9 10 11 12 |
---------------+-------------------------------------+-----
Fire Magic     | 1 2 3 4 6 7 9 10 11 12 | 12.1
Alchemy        | 4 5 6 8 9 10 11 12 | 12.0
Spellcasting   | 3 4 5 6 7 8 |  8.2
Fighting       | 3 4 5 |  5.0
Invocations    | 3 4 5 |  5.2
Stealth        | 5 7 8 |  8.5
Dodging        | |  1.5
Conjurations   | |  1.0

Action                     |  1- 3 |  4- 6 |  7- 9 | 10-12 || total
---------------------------+-------+-------+-------+-------++-------
  Melee: Unarmed           |    20 |       |       |       ||    20
         Short sword       |       |   186 |   193 |   188 ||   567
         Dagger            |       |     1 |       |       ||     1
   Cast: Sting             |    66 |     7 |       |       ||    73
         Olgreb's Toxic Ra |       |     2 |    37 |    66 ||   105
         Sticky Flame      |       |       |     8 |    37 ||    45
  Evoke: Wand              |       |       |       |     1 ||     1
    Use: Potion            |       |     3 |     4 |     8 ||    15
         Scroll            |       |     8 |     3 |     8 ||    19
   Stab: Sleeping          |       |     2 |     2 |     5 ||     9
 Armour: Robe              |    38 |   134 |   178 |    42 ||   392
         Acid dragon scale |       |       |       |   177 ||   177
         Swamp dragon scal |       |       |       |    28 ||    28
  Dodge: Dodged            |    31 |    70 |   114 |   127 ||   342

Table legend: (Time is in decaauts)
 A = Elapsed time spent in this place.
 B = Non-inter-level travel time spent in this place.
 C = Inter-level travel time spent in this place.
 D = Time resting spent in this place.
 E = Time spent auto-exploring this place.
 F = Levels seen in this place.
 G = Mean time per level.
                   A        B        C        D        E       F      G
               +--------+--------+--------+--------+--------+-----+--------+
         Total |  17202 |  16673 |    529 |   2632 |  11253 |  15 | 1146.8 |
       Dungeon |  13962 |  13472 |    490 |   1627 |   9782 |  10 | 1396.2 |
        Temple |     58 |     32 |     26 |      0 |      0 |   1 |   58.0 |
  Orcish Mines |   2198 |   2187 |     11 |    896 |    828 |   2 | 1099.0 |
         Sewer |    980 |    980 |      0 |    109 |    643 |   1 |  980.0 |
      Ice Cave |      3 |      3 |      0 |      0 |      0 |   1 |    3.0 |
               +--------+--------+--------+--------+--------+-----+--------+

Top non-repeatable levels by time:
     D:9: 1937 daAuts
   Orc:2: 1685 daAuts
     D:7: 1626 daAuts
     D:8: 1472 daAuts
     D:3: 1447 daAuts
     D:5: 1431 daAuts
    D:10: 1391 daAuts
     D:2: 1251 daAuts
     D:6: 1234 daAuts
     D:4: 1127 daAuts
     D:1: 1043 daAuts
   Sewer: 980 daAuts
   Orc:1: 512 daAuts
  Temple: 58 daAuts
   IceCv: 3 daAuts
